Unix NetHack Version 5.0.0-0 post-release - last build Jun 10 2026 00:39:30 (3ee93aec679c4c4259841fe613dc97188e26a321,branch:main).

Game began 2026-07-03 04:26:43, ended 2026-07-03 04:44:06.

Enkindle23, lawful female dwarven Valkyrie

                                                        ---
                                                        -..--
                                                         ...--
                                                          ...
                                                        ---..`-
                                                        |.....----
                                                         ........--
                                                        --........|---
                                                        |....)FG..|..|
                                                        --...........|
                                                        |............--
                                                     .---........S....--
                                                     -.......-...S@....--
                                              ---------..)........de....|
                                            `..........................--
                                            ------.................G...|
                                                 --........<........>..|
                                                  ---. --.....^....|...|
                                                    |   ---..|.--.---.--
                                                          ---------  --
Enkindle23 the Stripling    St:18/01 Dx:12 Co:19 In:9 Wi:8 Ch:8  Lawful
Dlvl:4  $:109 HP:0(27) Pw:3(3) AC:1  Xp:2 T:532 

Latest messages:
 You descend the stairs.
 You feel your magical energy drain away!
 You see here a scroll labeled PRATYAVAYAH.
 s - a scroll labeled PRATYAVAYAH.
 You hear rumbling in the distance.
 You swap places with the peaceful gnome.
 The little dog bites the gnome.
 The gnome is killed!
 The gnome falls into a pit!
 The gnome is killed!
 You hit the floating eye!
 You are frozen by the floating eye's gaze!
 The little dog misses the floating eye.
 The little dog is frozen by the floating eye's gaze!
 The garter snake bites!
 The garter snake bites!
 The garter snake bites!
 The garter snake bites!
 The garter snake bites!
 The garter snake misses!
 The garter snake bites!
 The garter snake bites!
 The garter snake bites!
 The garter snake bites!
 The garter snake bites!
 The garter snake misses!
 The garter snake bites!
 The garter snake bites!
 The garter snake bites!
 The garter snake bites!
 The garter snake bites!
 The garter snake bites!
 The garter snake misses!
 The garter snake misses!
 The garter snake misses!
 The garter snake bites!
 The garter snake bites!
 The garter snake bites!
 The gnome is almost hit by a dart!
 The garter snake bites!
 The garter snake bites!
 The garter snake bites!
 The garter snake bites!
 The garter snake bites!
 You die...
 Do you want your possessions identified? [ynq] (y) y
 Do you want to see your attributes? [ynq] (y) y
 Do you want an account of creatures vanquished? [ynaq] (y) y
 Do you want to see your conduct and achievements? [ynq] (y) y
 Do you want to see the dungeon overview? [ynq] (y) y

Inventory:
 Coins    ('$')
  $ - 109 gold pieces
 Weapons  (')')
  b - a +0 dagger (alternate weapon; not wielded)
  a - a +1 dwarvish spear (weapon in right hand)
  k - a +0 orcish dagger
 Armor    ('[')
  l - an uncursed +0 orcish helm (being worn)
  c - an uncursed +3 small shield (being worn)
  q - a cursed -1 elven mithril-coat (being worn)
 Comestibles  ('%')
  d - 2 uncursed food rations
  o - 2 cursed food rations
 Scrolls  ('?')
  r - an uncursed scroll of light
  s - an uncursed scroll of teleportation
 Potions  ('!')
  f - an uncursed potion of blindness
  m - 2 uncursed potions of healing
  j - an uncursed potion of object detection
  e - an uncursed potion of see invisible
 Rings    ('=')
  g - a cursed ring of teleportation
 Wands    ('/')
  n - a wand of light (0:13)
  h - a wand of secret door detection (0:15)
 Gems/Stones  ('*')
  i - an uncursed worthless piece of yellowish brown glass

Enkindle23 the Valkyrie's attributes:

Background:
 You were a Stripling, a level 2 dwarven Valkyrie.
 You were lawful, on a mission for Tyr
 who was opposed by Odin (neutral) and Loki (chaotic).
 You were right-handed.
 You were in the Gnomish Mines, on level 4.
 You entered the dungeon 532 turns ago.
 It was nighttime.
 You had 24 experience points, 16 more were needed to attain level 3.

Basics:
 You had 0 out of 27 hit points.
 You had all 3 energy points (spell power).
 Your armor class was 1.
 Your wallet contained 109 zorkmids.
 Autopickup was off.

Final Characteristics:
 Your strength was 18/01 (limit:18/100).
 Your dexterity was 12 (limit:20).
 Your constitution was 19 (limit:20).
 Your intelligence was 9 (limit:16).
 Your wisdom was 8 (limit:16).
 Your charisma was 8 (limit:16).

Final Status:
 You weren't hungry.
 You were unencumbered.
 You were wielding a spear.
 You had basic skill with spear.

Final Attributes:
 You were fervently aligned.
 You were cold resistant.
 You had infravision.
 You were guarded.
 You are dead.

Miscellaneous:
 You didn't encounter any bones levels.
 Total elapsed playing time was 17 minutes and 22 seconds.

Major events:
 Turn
    1: Enkindle23 the lawful dwarven Valkyrie entered the dungeon
  447: entered the Gnomish Mines
  532: killed by a garter snake, while frozen by a floating eye's gaze

You didn't know any spells.

Skills:
 Fighting Skills
   bare handed combat [Unskilled]
   two weapon combat  [Unskilled]
   riding             [Unskilled]
 Weapon Skills
   dagger             [Basic]
   axe                [Unskilled]
   pick-axe           [Unskilled]
   short sword        [Unskilled]
   broadsword         [Unskilled]
   long sword         [Unskilled]
   two-handed sword   [Unskilled]
   saber              [Unskilled]
   hammer             [Unskilled]
   quarterstaff       [Unskilled]
   polearms           [Unskilled]
   spear              [Basic]
   trident            [Unskilled]
   lance              [Unskilled]
   sling              [Unskilled]
 Spellcasting Skills
   attack spells      [Unskilled]
   escape spells      [Unskilled]

Voluntary challenges:
 Character rerolling was not enabled.
 You went without food.
 You were illiterate.
 You never genocided any monsters.
 You never polymorphed an object.
 You never changed form.
 You used no wishes.
Achievements:
 You entered a shop.
 You entered the Gnomish Mines.

 The Dungeons of Doom: levels 1 to 3
    Level 1:
       An altar to Tyr.
    Level 2:
       A general store, an altar, a fountain.
    Level 3:
       An altar to Tyr.
       Stairs down to The Gnomish Mines.
 The Gnomish Mines:
    Level 4: <- You were here.
       Final resting place for
          you, killed by a garter snake, while frozen by a floating eye's gaze.


Vanquished creatures:
  3 gnomes
  2 foxes
  a goblin
  a sewer rat
  a grid bug
  2 lichens
10 creatures vanquished.

No species were genocided or became extinct.

Game over:
                       ----------
                      /          \
                     /    REST    \
                    /      IN      \
                   /     PEACE      \
                  /                  \
                  |    Enkindle23    |
                  |      109 Au      |
                  |   killed by a    |
                  |   garter snake   |
                  |                  |
                  |                  |
                  |       2026       |
                 *|     *  *  *      | *
        _________)/\\_//(\/(/\)/\//\/|_)_______

Farvel Enkindle23 the Valkyrie...

You died in The Gnomish Mines on dungeon level 4 with 345 points,
and 109 pieces of gold, after 532 moves.
You were level 2 with a maximum of 27 hit points when you died.

